Map: Proxima Station LE

Players

Yata

  • Race: Zerg Zerg
  • Spawn Location: 7:00

A.I. 1 (Hard) - Winner!

  • Race: Terran Terran
  • Spawn Location: 1:00

VOD

Have the link to the VOD?

Description

Time

  • Played on: July 7, 2017, 12:31 p.m.
  • Length: 23:47
Show
View Real Time Build Order
Export as new Build Order

Yata Zerg 

Build Orders: Hatch First 

Get SALT Encoding   

  12  0:01  Drone  
  13  0:13  Overlord  
  13  0:28  Drone  
  13  0:31  Drone x2  
  16  0:39  Drone  
  17  0:56  Hatchery, Drone  
  17  1:01  Drone  
  18  1:17  Spawning Pool  
  17  1:21  Extractor  
  17  1:23  Drone  
  17  1:28  Drone  
  18  1:33  Drone  
  19  1:50  Overlord  
  19  2:00  Drone  
  20  2:07  Queen  
  22  2:08  Queen  
  22  2:11  Zergling x2  
  22  2:12  Zergling x2  
  26  2:21  Drone x2  
  28  2:30  Roach Warren  
  28  2:32  Drone x2  
  28  2:35  Metabolic Boost  
  29  2:48  Queen  
  31  2:52  Overlord  
  31  2:59  Overlord  
  31  3:16  Overlord x2  
  31  3:36  Overlord x3  
  31  3:47  Drone  
  32  3:49  Drone x4  
  32  3:50  Drone  
  37  4:05  Drone  
  37  4:07  Drone  
  39  4:10  Hatchery  
  38  4:23  Extractor  
  37  4:25  Extractor, Drone x3  
  37  4:26  Drone x2  
  37  4:30  Pneumatized Carapace  
  41  4:54  Drone x2  
  41  4:55  Drone x2  
  45  5:11  Queen  
  47  5:18  Lair  
  47  5:31  Drone x5  
  47  5:32  Drone x3  
  55  5:42  Drone x9  
  64  6:02  Roach  
  64  6:03  Roach x3  
  72  6:22  Roach  
  72  6:23  Roach x5  
  84  6:38  Drone x2  
  84  6:39  Drone x2  
  88  6:47  Roach  
  88  6:52  Overlord x4  
  88  7:34  Overseer  
  88  7:57  Roach x4  
  88  7:58  Roach x9  
  114  8:01  Overlord  
  114  8:02  Overlord x2  
  114  8:25  Evolution Chamber  
  113  8:27  Evolution Chamber  
  112  9:05  Zerg Ground Armor Level 1, Zerg Missile Weapons Level 1  
  112  9:11  Hatchery  
  112  9:13  Overlord x4  
  111  9:20  Roach x2  
  111  9:21  Roach x8  
  131  9:30  Hydralisk Den  
  130  9:33  Baneling Nest  
  81  10:03  Roach, Zergling x2  
  81  10:04  Zergling x20  
  94  10:29  Queen  
  94  10:33  Drone  
  94  10:34  Drone x10  
  107  10:50  Hydralisk  
  107  10:51  Hydralisk x6  
  121  10:58  Lurker Den  
  121  11:06  Zerg Missile Weapons Level 2, Zerg Ground Armor Level 2  
  121  11:14  Hydralisk x14  
  121  11:15  Hydralisk  
  85  12:02  Roach  
  85  12:03  Roach x18  
  123  12:11  Queen  
  125  12:20  Overlord x3  
  125  12:32  Nydus Network  
  124  12:46  Roach x10  
  124  12:47  Roach, Queen  
  148  13:06  Infestation Pit  
  143  13:18  Roach  
  143  13:19  Roach x11  
  125  13:37  Roach x6  
  133  13:48  Extractor, Drone  
  132  13:55  Extractor  
  132  14:00  Extractor  
  132  14:02  Extractor  
  130  14:03  Roach  
  130  14:04  Roach x7  
  146  14:38  Hive  
  146  14:44  Infestor  
  136  15:03  Roach  
  136  15:04  Roach x8  
  152  15:26  Swarm Host  
  152  15:27  Swarm Host  
  152  15:28  Swarm Host  
  147  15:49  Hatchery  
  82  16:04  Overseer  
  76  16:17  Ultralisk Cavern  
  75  16:27  Zerg Missile Weapons Level 3  
  75  16:29  Zerg Melee Weapons Level 1  
  75  16:58  Drone  
  76  17:14  Ultralisk x3  
  94  17:25  Zergling x22  
  94  17:26  Zergling x58  
  94  17:27  Zergling x2  
  135  18:00  Hatchery  
  135  18:01  Ultralisk  
  140  18:19  Nydus Canal  
  140  18:24  Hydralisk  
  140  18:25  Hydralisk  
  144  18:28  Drone  
  144  18:29  Drone x14  
  117  19:18  Zergling x2  
  117  19:19  Zergling x40  
  123  19:47  Zergling x14  
  123  19:48  Zergling x4  
  116  19:54  Overlord  
  116  19:55  Zergling x2  
  116  19:56  Zergling x2  
  81  20:29  Chitinous Plating  
  81  20:32  Ultralisk x2  
  93  20:40  Queen  
  95  20:47  Queen  
  97  20:50  Queen  
  99  21:05  Extractor  
  99  21:07  Extractor  
  91  21:42  Nydus Canal  
  89  21:53  Roach  
  99  21:54  Roach x17  
  99  21:55  Roach x3  
  99  22:23  Hydralisk x3  
  99  22:24  Hydralisk  
  88  22:42  Zergling x2  
  88  22:43  Zergling x16  
  62  22:56  Roach  
  62  22:57  Roach x6  
  64  23:18  Roach x3  
  65  23:20  Hatchery  
Show
View Real Time Build Order
Export as new Build Order

A.I. 1 (Hard) Terran - Winner!

Build Orders: MMM Bio 

Get SALT Encoding   

  12  0:00  SCV  
  13  0:13  SCV  
  14  0:18  Supply Depot  
  14  0:25  SCV  
  15  0:40  SCV  
  16  0:43  Barracks  
  16  0:49  Refinery  
  16  0:52  SCV  
  17  1:04  SCV  
  18  1:16  SCV  
  19  1:22  Supply Depot  
  19  1:29  SCV  
  19  1:31  Marine  
  21  1:42  Barracks, Orbital Command  
  21  1:50  Refinery, Barracks Tech Lab  
  21  2:02  Factory  
  21  2:08  Marine  
  22  2:18  Supply Depot  
  22  2:26  Marine  
  23  2:30  Marine  
  26  2:44  Marauder  
  26  2:49  Hellion  
  28  2:52  Supply Depot  
  28  2:58  Marine  
  29  3:07  Marine  
  30  3:16  Marine  
  31  3:24  Supply Depot  
  31  3:26  Marine  
  32  3:35  SCV  
  32  3:36  Hellion  
  35  3:45  Marauder  
  35  3:47  SCV, Engineering Bay  
  38  3:57  Hellion  
  38  3:59  SCV  
  41  4:11  SCV  
  42  4:18  Hellion  
  42  4:19  Supply Depot  
  42  4:23  SCV  
  45  4:36  SCV  
  46  4:40  Hellion  
  48  5:01  Hellion  
  50  6:24  Barracks Tech Lab  
  50  6:25  Terran Infantry Weapons Level 1, Marine, Stimpack  
  51  6:27  Factory, Factory Tech Lab  
  51  6:30  Starport  
  51  6:32  Starport  
  51  6:33  Command Center  
  51  6:35  Missile Turret  
  51  6:37  Missile Turret  
  51  6:40  Barracks  
  51  6:42  Supply Depot, Combat Shields  
  51  6:43  Marauder  
  53  6:48  Siege Tank  
  56  6:57  Bunker  
  56  7:07  Supply Depot  
  56  7:08  Starport Tech Lab  
  56  7:09  Starport Tech Lab  
  56  7:11  Cyclone  
  59  7:20  Siege Tank  
  62  7:28  Raven  
  62  7:29  Raven  
  66  7:43  Factory Tech Lab  
  66  7:45  SCV  
  66  7:46  SCV  
  68  7:51  Sensor Tower  
  68  7:55  Refinery, Missile Turret  
  68  7:57  SCV, Missile Turret  
  69  7:58  SCV  
  69  8:01  Concussive Shells  
  69  8:02  Refinery  
  70  8:06  Armory  
  70  8:09  SCV  
  70  8:10  SCV  
  70  8:12  Barracks Reactor  
  72  8:17  Bunker  
  72  8:20  Terran Infantry Armor Level 1  
  72  8:21  SCV  
  72  8:23  SCV  
  74  8:33  SCV  
  75  8:35  SCV  
  76  8:45  SCV  
  76  8:47  SCV  
  78  8:57  SCV  
  78  8:59  SCV  
  80  9:09  SCV  
  81  9:11  SCV  
  82  9:45  Marauder  
  74  9:54  Marine  
  69  10:03  Marine  
  70  10:12  Marine  
  71  10:22  Marine  
  72  10:31  Marine  
  73  10:41  Marauder  
  75  10:47  Marine  
  75  10:48  Terran Infantry Weapons Level 2, Medivac x2  
  75  10:49  Supply Depot  
  80  10:53  Marine  
  80  10:56  Command Center, Engineering Bay  
  81  10:59  Marine  
  82  11:05  Siege Tank  
  82  11:07  Infernal Pre-Igniter  
  82  11:11  Siege Tank  
  88  11:15  Supply Depot  
  88  11:17  Terran Vehicle Weapons Level 1  
  88  11:18  Medivac, Raven  
  90  11:21  Terran Infantry Armor Level 2  
  88  11:37  Siege Tank  
  91  11:43  Siege Tank  
  91  11:46  Ghost Academy  
  91  11:50  Supply Depot  
  82  11:57  Marine  
  83  12:08  SCV  
  83  12:09  Siege Tank  
  83  12:10  SCV  
  83  12:11  SCV  
  83  12:15  Hellion  
  90  12:20  Refinery, SCV  
  90  12:22  SCV, Missile Turret  
  92  12:23  SCV  
  92  12:24  Missile Turret  
  92  12:28  Fusion Core  
  93  12:30  Refinery  
  93  12:32  SCV  
  93  12:33  Armory  
  93  12:34  SCV  
  93  12:36  Siege Tank, SCV  
  99  12:41  Siege Tank  
  102  12:44  SCV  
  102  12:46  SCV, Bunker  
  102  12:48  SCV  
  105  12:56  SCV  
  107  12:58  SCV  
  107  13:00  SCV  
  106  13:08  Siege Tank  
  106  13:09  SCV  
  106  13:10  SCV  
  106  13:11  Terran Vehicle And Ship Armor Level 1  
  106  13:12  SCV  
  107  13:14  Hellion  
  107  13:15  Marine  
  107  13:19  Bunker  
  90  13:20  Terran Ship Weapons Level 1  
  90  13:21  Marine, SCV  
  90  13:22  Refinery, SCV  
  87  13:27  Marine  
  87  13:33  Marine  
  83  13:39  Marine  
  84  13:44  Marine  
  84  13:45  SCV  
  86  13:50  Marine  
  87  13:56  Marine  
  87  14:02  Hellion  
  90  14:07  Siege Tank  
  93  14:23  Siege Tank  
  96  14:32  Command Center  
  96  14:38  Ghost  
  96  14:40  Siege Tank  
  96  14:42  Marine, Terran Infantry Weapons Level 3  
  96  14:43  Supply Depot  
  96  14:44  Terran Infantry Armor Level 3  
  102  14:46  Marine  
  102  14:49  Marine  
  104  14:55  Cyclone  
  104  14:57  Viking  
  99  15:01  Viking  
  99  15:05  Marine  
  91  15:11  SCV  
  91  15:12  Marine, Hellion  
  91  15:13  SCV  
  85  15:16  Marine  
  85  15:20  Marine  
  79  15:23  SCV  
  79  15:27  Viking  
  79  15:28  Hellion  
  80  15:31  Marine  
  80  15:34  Marine  
  78  15:38  Marine  
  78  15:42  Cyclone  
  78  15:45  Marine  
  73  15:50  Marauder  
  73  15:53  Marauder  
  73  15:56  Thor  
  80  16:09  Marine  
  80  16:11  Marauder  
  83  16:12  Marine  
  83  16:16  Marine  
  85  16:24  Refinery  
  85  16:26  Marine, Command Center  
  85  16:30  Marine  
  85  16:31  Ghost  
  89  16:34  Marauder  
  89  16:36  Cyclone  
  89  16:39  SCV  
  95  16:42  SCV  
  95  16:44  SCV  
  97  16:51  SCV  
  98  16:54  SCV  
  98  16:56  SCV  
  100  17:03  SCV  
  100  17:06  SCV  
  102  17:08  SCV  
  102  17:13  Terran Vehicle Weapons Level 2  
  103  17:15  SCV  
  104  17:25  SCV  
  104  17:27  SCV  
  104  17:29  SCV  
  107  17:37  SCV  
  107  17:38  SCV  
  107  17:40  SCV  
  107  17:41  SCV  
  111  17:49  SCV  
  112  17:53  SCV  
  112  17:54  Terran Vehicle And Ship Armor Level 2  
  113  18:01  SCV  
  113  18:03  SCV  
  113  18:05  SCV  
  116  18:07  Widow Mine  
  116  18:12  Banshee  
  121  18:14  Marine  
  121  18:17  Marine  
  123  18:20  Marine  
  123  18:23  Marine  
  123  18:26  Widow Mine  
  127  18:29  Banshee  
  127  18:33  Marauder  
  132  18:36  Marauder  
  132  18:40  SCV  
  135  18:41  SCV  
  135  18:43  SCV  
  135  18:44  Supply Depot, SCV  
  138  18:52  SCV  
  138  18:53  SCV  
  138  18:55  SCV, Battlecruiser  
  142  18:56  SCV  
  142  19:01  Marine  
  141  19:04  SCV, Marine  
  141  19:05  Refinery  
  141  19:06  Refinery  
  141  19:07  Marine  
  141  19:09  Marine  
  131  19:20  Widow Mine  
  131  19:21  Refinery, SCV  
  131  19:22  SCV  
  131  19:23  Widow Mine  
  133  19:28  SCV  
  133  19:30  Marauder  
  134  19:32  Marine  
  134  19:33  SCV  
  134  19:35  Marine  
  134  19:37  SCV  
  133  19:39  Marine  
  133  19:43  SCV  
  133  19:45  SCV  
  131  19:50  Marine, SCV  
  131  19:51  Marauder  
  134  19:52  Factory Tech Lab  
  134  19:53  Terran Vehicle Weapons Level 3  
  134  19:55  SCV  
  134  19:56  Marine  
  134  19:58  SCV  
  136  20:02  SCV  
  137  20:07  SCV  
  137  20:10  SCV  
  137  20:11  Terran Vehicle And Ship Armor Level 3  
  137  20:14  SCV  
  140  20:16  Marine  
  140  20:19  Marine, SCV  
  129  20:22  Marine  
  129  20:25  Marine  
  129  20:27  SCV  
  129  20:30  Supply Depot  
  129  20:34  Marine  
  130  20:37  Marine, Command Center  
  130  20:40  Marine  
  132  20:43  Marine  
  133  20:52  Marauder  
  135  21:03  Building Armor  
  135  21:04  Command Center  
  135  21:05  Neosteel Frame  
  135  21:15  High Capacity Fuel Tanks, Refinery  
  135  21:17  Missile Turret  
  135  21:19  Missile Turret  
  135  21:20  Missile Turret  
  135  21:28  Hellion  
  135  21:31  Hellion  
  139  21:40  Supply Depot  
  139  21:50  Hellion  
  139  21:52  Siege Tank  
  144  21:59  Refinery x2, SCV  
  144  22:01  SCV  
  146  22:02  Bunker  
  146  22:11  Siege Tank  
  146  22:13  Missile Turret  
  146  22:15  Missile Turret  
  149  22:17  Refinery  
  149  22:18  Missile Turret  
  149  22:24  Hi-Sec Auto Tracking, Siege Tank  
  149  22:26  Missile Turret  
  152  22:35  Bunker  
  152  22:43  Siege Tank  
  154  22:46  Bunker  
  154  22:56  Siege Tank  
Tags
 
Composition
MMM Bio
Matchup
TvZ
Replay Pack
Pack 1
Spawn Locations
Cross Positions
Add a new tag
Caveats
  • Supply blocks, unpowered buildings, or Contaminate may cause inaccurate times.
  • Supply counts are checked every 10 seconds.